| TOP OF THE 1ST |
|
Billings Mustangs batting - Pitching for Kingsport Mets : RHP Gabe Kelso
|
|
Pitching: RHP Gabe Kelso
|
|
|
Batting: RHB Cyd Carver
|
0-0: Ball 1-0: Called Strike 1-1: Foul Ball, location: 2F 1-2: Foul Ball, location: 2F 1-2: Ball 2-2: Foul Ball, location: 2F 2-2: SINGLE (Groundball, 4MS, EV 66.2 MPH) (infield hit)
|
|
Batting: RHB Nick Miller
|
0-0: Ball 1-0: Fielders Choice at 2nd, 6-4 (Groundball, 6, EV 103.8 MPH)
|
|
Batting: LHB David Moore
|
0-0: Ball Nick Miller is caught stealing 2nd base 2-6 1-0: Ball 2-0: Ball 3-0: Base on Balls
|
|
Batting: LHB Jon Goddard
|
0-0: Ball 1-0: Foul Ball, location: 2F 1-1: Fly out, F9 (Flyball, 89S, EV 84.4 MPH)
|
| Top of the 1st over - 0 runs, 1 hit, 0 errors, 1 left on base; Billings 0 - Kingsport 0 |
| BOTTOM OF THE 1ST |
|
Kingsport Mets batting - Pitching for Billings Mustangs : RHP Omar Vinson
|
|
Pitching: RHP Omar Vinson
|
|
|
Batting: RHB John Jones
|
0-0: Ball 1-0: Ball 2-0: Called Strike 2-1: Ball 3-1: Foul Ball, location: 2F 3-2: Ground out 5-3 (Groundball, 56, EV 86.9 MPH)
|
|
Batting: RHB Josh Jones
|
0-0: Called Strike 0-1: DOUBLE (Flyball, 89D, EV 100.0 MPH)
|
|
Batting: RHB Steve Page
|
0-0: Ball 1-0: Called Strike 1-1: Ball 2-1: Ground out 6-3 (Groundball, 6S, EV 82.5 MPH) Josh Jones to third
|
|
Batting: RHB Kyle Holland
|
0-0: Foul Ball, location: 2F 0-1: Ball Wild Pitch! Josh Jones scores 1-1: Foul Ball, location: 2F 1-2: Fly out, F7 (Flyball, 7, EV 88.8 MPH)
|
| Bottom of the 1st over - 1 run, 1 hit, 0 errors, 0 left on base; Billings 0 - Kingsport 1 |
| TOP OF THE 2ND |
|
Billings Mustangs batting - Pitching for Kingsport Mets : RHP Gabe Kelso
|
|
Batting: RHB Hector Maldonado
|
0-0: Ball 1-0: Foul Ball, location: 2F 1-1: Ground out U3 (Groundball, 34S, EV 80.0 MPH)
|
|
Batting: RHB Jay Jacobson
|
0-0: Ball 1-0: Foul Ball, location: 2F 1-1: Foul Ball, location: 2F 1-2: Foul Ball, location: 2F 1-2: Ball 2-2: Strikes out swinging
|
|
Batting: RHB Jon Monteith
|
0-0: Ball 1-0: Foul Ball, location: 2F 1-1: Ground out 4-3 (Groundball, 34, EV 87.5 MPH)
|
| Top of the 2nd over - 0 runs, 0 hits, 0 errors, 0 left on base; Billings 0 - Kingsport 1 |
| BOTTOM OF THE 2ND |
|
Kingsport Mets batting - Pitching for Billings Mustangs : RHP Omar Vinson
|
|
Batting: SHB Jason Evans
|
0-0: Ball 1-0: SINGLE (Groundball, 34S, EV 79.4 MPH) (infield hit)
|
|
Batting: RHB Dan House
|
0-0: Swinging Strike 0-1: DOUBLE (Groundball, 5L, EV 111.2 MPH) Jason Evans to third
|
|
Batting: RHB Danny Runberg
|
0-0: Ball Wild Pitch! Jason Evans scores Dan House to third 1-0: Foul Ball, location: 2F 1-1: Ball 2-1: Foul Ball, location: 2F 2-2: Ball 3-2: Strikes out looking
|
|
Batting: SHB Alex Marcial
|
0-0: Called Strike 0-1: Ball 1-1: Ball 2-1: Ground out 4-3 (Groundball, 4, EV 88.1 MPH) Dan House scores
|
|
Batting: RHB Jack Nickleberry
|
0-0: Foul Ball, location: 2F 0-1: Ball 1-1: Fly out, F5 (Line Drive, 5, EV 67.5 MPH)
|
| Bottom of the 2nd over - 2 runs, 2 hits, 0 errors, 0 left on base; Billings 0 - Kingsport 3 |
| TOP OF THE 3RD |
|
Billings Mustangs batting - Pitching for Kingsport Mets : RHP Gabe Kelso
|
|
Batting: RHB Yutaka Sato
|
0-0: Ball 1-0: Called Strike 1-1: Fly out, F8 (Flyball, 8LXD, EV 90.0 MPH)
|
|
Batting: RHB Jonathan Robies
|
0-0: Ball 1-0: Foul Ball, location: 2F 1-1: Ball 2-1: Foul Ball, location: 2F 2-2: Strikes out looking
|
|
Batting: RHB Cyd Carver
|
0-0: Called Strike 0-1: Ball 1-1: SINGLE (Flyball, 9S, EV 90.6 MPH)
|
|
Batting: RHB Nick Miller
|
0-0: Ball Cyd Carver steals 2nd base 1-0: Ground out 5-3 (Groundball, 56, EV 95.0 MPH)
|
| Top of the 3rd over - 0 runs, 1 hit, 0 errors, 1 left on base; Billings 0 - Kingsport 3 |
| BOTTOM OF THE 3RD |
|
Kingsport Mets batting - Pitching for Billings Mustangs : RHP Omar Vinson
|
|
Batting: RHB John Jones
|
0-0: Called Strike 0-1: Ground out 1-3 (Groundball, 34S, EV 66.2 MPH)
|
|
Batting: RHB Josh Jones
|
0-0: Called Strike 0-1: Ground out 4-3 (Groundball, 34D, EV 88.8 MPH)
|
|
Batting: RHB Steve Page
|
0-0: Swinging Strike 0-1: Ball 1-1: Ball 2-1: Ball 3-1: Foul Ball, location: 2F 3-2: Strikes out swinging
|
| Bottom of the 3rd over - 0 runs, 0 hits, 0 errors, 0 left on base; Billings 0 - Kingsport 3 |
| TOP OF THE 4TH |
|
Billings Mustangs batting - Pitching for Kingsport Mets : RHP Gabe Kelso
|
|
Batting: LHB David Moore
|
0-0: Swinging Strike 0-1: Ground out 6-3 (Groundball, 6S, EV 79.4 MPH)
|
|
Batting: LHB Jon Goddard
|
0-0: Ground out 4-3 (Groundball, 4M, EV 83.8 MPH)
|
|
Batting: RHB Hector Maldonado
|
0-0: Called Strike 0-1: Ball 1-1: Ball 2-1: Ball 3-1: Reached on error, E6 (Groundball, 6, EV 103.8 MPH)
|
|
Batting: RHB Jay Jacobson
|
0-0: Ball 1-0: Foul Ball, location: 2F 1-1: Hit by Pitch
|
|
Batting: RHB Jon Monteith
|
0-0: Ball Wild Pitch! Hector Maldonado to third Jay Jacobson to second 1-0: SINGLE (Groundball, 34D, EV 108.1 MPH) Hector Maldonado scores Jay Jacobson to third Runner from 3rd tries for Home, SAFE, throw by RF to home Jon Monteith to second
|
|
Batting: RHB Yutaka Sato
|
0-0: Called Strike 0-1: TRIPLE (Flyball, 8RXD, EV 104.4 MPH) Jon Monteith scores
|
|
Batting: RHB Jonathan Robies
|
0-0: Called Strike 0-1: Hit by Pitch
|
|
Batting: RHB Cyd Carver
|
0-0: Ball 1-0: Called Strike Jonathan Robies steals 2nd base 1-1: Ball 2-1: Foul Ball, location: 2F 2-2: Foul Ball, location: 2F 2-2: SINGLE (Line Drive, 89S, EV 114.4 MPH) Yutaka Sato scores Jonathan Robies to third Runner from 3rd tries for Home, SAFE, throw by RF to home
|
|
Batting: RHB Nick Miller
|
0-0: Ball 1-0: Called Strike 1-1: Fly out, F8 (Flyball, 8RXD, EV 90.6 MPH)
|
| Top of the 4th over - 5 runs, 3 hits, 1 error, 1 left on base; Billings 5 - Kingsport 3 |
| BOTTOM OF THE 4TH |
|
Kingsport Mets batting - Pitching for Billings Mustangs : RHP Omar Vinson
|
|
Batting: RHB Kyle Holland
|
0-0: Called Strike 0-1: Swinging Strike 0-2: Ball 1-2: Ball 2-2: SINGLE (Groundball, 6MD, EV 98.8 MPH)
|
|
Batting: SHB Jason Evans
|
0-0: Ball 1-0: Ball 2-0: Called Strike 2-1: Foul Ball, location: 2F 2-2: Strikes out swinging
|
|
Batting: RHB Dan House
|
0-0: Called Strike 0-1: SINGLE (Groundball, 56, EV 95.0 MPH) Kyle Holland to second
|
|
Batting: RHB Danny Runberg
|
0-0: Ball 1-0: Ball 2-0: Ball 3-0: Called Strike 3-1: Foul Ball, location: 2F 3-2: Foul Ball, location: 2F 3-2: Foul Ball, location: 2F 3-2: Strikes out swinging Dan House steals 2nd base Kyle Holland steals 3rd base Batter strikes out.
|
|
Batting: SHB Alex Marcial
|
0-0: Foul Ball, location: 2F 0-1: Foul Ball, location: 2RF, Error on foul ball, E2 0-2: DOUBLE (Flyball, 8LXD, EV 99.4 MPH) Kyle Holland scores Dan House scores
|
|
Batting: RHB Jack Nickleberry
|
0-0: DOUBLE (Line Drive, 89M, EV 103.8 MPH) Alex Marcial scores
|
|
Pitching: RHP Juan Hernandez
|
|
|
Batting: RHB John Jones
|
0-0: Ball Wild Pitch! Jack Nickleberry to third 1-0: Ball 2-0: Called Strike 2-1: Ball 3-1: Base on Balls
|
|
Batting: RHB Josh Jones
|
0-0: Called Strike 0-1: SINGLE (Line Drive, 4MD, EV 102.5 MPH) Jack Nickleberry scores John Jones to second Runner from 2nd tries for 3rd, SAFE, throw by CF made to third
|
|
Batting: RHB Steve Page
|
0-0: Called Strike 0-1: Fielders Choice at 2nd, 6-4 (Groundball, 6, EV 86.2 MPH)
|
| Bottom of the 4th over - 4 runs, 5 hits, 1 error, 2 left on base; Billings 5 - Kingsport 7 |
| TOP OF THE 5TH |
|
Billings Mustangs batting - Pitching for Kingsport Mets : RHP Gabe Kelso
|
|
Batting: LHB David Moore
|
0-0: Foul Ball, location: 2F 0-1: Swinging Strike 0-2: Foul Ball, location: 2F 0-2: Ball 1-2: Foul Ball, location: 2F 1-2: Ball 2-2: Ball 3-2: Foul Ball, location: 2F 3-2: Fly out, F8 (Line Drive, 8LD, EV 105.0 MPH)
|
|
Batting: LHB Jon Goddard
|
0-0: Called Strike 0-1: DOUBLE (Line Drive, 9LD, EV 104.4 MPH)
|
|
Pitching: LHP Tony Diaz
|
|
|
Batting: RHB Hector Maldonado
|
0-0: Ball 1-0: Swinging Strike 1-1: Foul Ball, location: 2F 1-2: Foul Ball, location: 2F 1-2: Foul Ball, location: 2F 1-2: Ball Wild Pitch! Jon Goddard to third 2-2: Foul Ball, location: 2F 2-2: Strikes out swinging
|
|
Batting: RHB Jay Jacobson
|
0-0: Called Strike 0-1: Ground out 4-3 (Groundball, 4S, EV 89.4 MPH)
|
| Top of the 5th over - 0 runs, 1 hit, 0 errors, 1 left on base; Billings 5 - Kingsport 7 |
| BOTTOM OF THE 5TH |
|
Kingsport Mets batting - Pitching for Billings Mustangs : RHP Juan Hernandez
|
|
Batting: RHB Kyle Holland
|
0-0: Called Strike 0-1: Swinging Strike 0-2: Ball 1-2: Ball 2-2: Strikes out swinging
|
|
Batting: SHB Jason Evans
|
0-0: Foul Ball, location: 2F 0-1: Foul Ball, location: 2F 0-2: Ball 1-2: Strikes out swinging
|
|
Batting: RHB Dan House
|
0-0: Called Strike 0-1: Ball 1-1: Foul Ball, location: 2F 1-2: Foul Ball, location: 2F 1-2: Strikes out swinging
|
| Bottom of the 5th over - 0 runs, 0 hits, 0 errors, 0 left on base; Billings 5 - Kingsport 7 |
| TOP OF THE 6TH |
|
Billings Mustangs batting - Pitching for Kingsport Mets : LHP Tony Diaz
|
|
Batting: RHB Jon Monteith
|
0-0: Called Strike 0-1: Swinging Strike 0-2: Ball 1-2: Strikes out swinging
|
|
Batting: RHB Yutaka Sato
|
0-0: Ball 1-0: Ball 2-0: Ball 3-0: Called Strike 3-1: Called Strike 3-2: Ground out 5-3 (Groundball, 56S, EV 90.0 MPH)
|
|
Batting: RHB Jonathan Robies
|
0-0: Called Strike 0-1: Foul Ball, location: 2F 0-2: Foul Ball, location: 2F 0-2: Ball 1-2: Fly out, F8 (Flyball, 8RM, EV 95.0 MPH)
|
| Top of the 6th over - 0 runs, 0 hits, 0 errors, 0 left on base; Billings 5 - Kingsport 7 |
| BOTTOM OF THE 6TH |
|
Kingsport Mets batting - Pitching for Billings Mustangs : RHP Juan Hernandez
|
|
Batting: RHB Danny Runberg
|
0-0: Ball 1-0: Ball 2-0: Ball 3-0: Called Strike 3-1: Swinging Strike 3-2: Strikes out looking
|
|
Pitching: LHP Paul Fuller
|
|
|
Batting: SHB Alex Marcial
|
0-0: Called Strike 0-1: Foul Ball, location: 2F 0-2: Ball 1-2: Ground out U3 (Groundball, 34S, EV 85.6 MPH)
|
|
Batting: RHB Jack Nickleberry
|
0-0: Called Strike 0-1: Ball 1-1: Swinging Strike 1-2: Ball 2-2: Strikes out swinging, 2-3 out at first.
|
| Bottom of the 6th over - 0 runs, 0 hits, 0 errors, 0 left on base; Billings 5 - Kingsport 7 |
| TOP OF THE 7TH |
|
Billings Mustangs batting - Pitching for Kingsport Mets : LHP Tony Diaz
|
|
Pitching: LHP Mike Mathews
|
|
|
Batting: RHB Cyd Carver
|
0-0: Called Strike 0-1: Ground out 6-3 (Groundball, 6MS, EV 74.4 MPH)
|
|
Batting: RHB Nick Miller
|
0-0: Ball 1-0: DOUBLE (Line Drive, 89M, EV 106.2 MPH)
|
|
Batting: LHB David Moore
|
0-0: Called Strike 0-1: Ball 1-1: Foul Ball, location: 2F 1-2: Strikes out swinging
|
|
Batting: LHB Jon Goddard
|
0-0: Called Strike 0-1: Fly out, F8 (Flyball, 89S, EV 73.8 MPH)
|
| Top of the 7th over - 0 runs, 1 hit, 0 errors, 1 left on base; Billings 5 - Kingsport 7 |
| BOTTOM OF THE 7TH |
|
Kingsport Mets batting - Pitching for Billings Mustangs : LHP Paul Fuller
|
|
Batting: RHB John Jones
|
0-0: Ground out 5-3 (Groundball, 56S, EV 70.6 MPH)
|
|
Batting: RHB Josh Jones
|
0-0: Called Strike 0-1: Foul Ball, location: 2F 0-2: Foul Ball, location: 2F 0-2: Ball 1-2: Strikes out swinging
|
|
Batting: RHB Steve Page
|
0-0: Called Strike 0-1: Foul Ball, location: 2F 0-2: Foul Ball, location: 2F 0-2: SOLO HOME RUN (Flyball, 7LD, EV 97.5 MPH), Distance : 356 ft
|
|
Batting: RHB Kyle Holland
|
0-0: Ball 1-0: Called Strike 1-1: Fly out, F9 (Flyball, 9D, EV 76.9 MPH)
|
| Bottom of the 7th over - 1 run, 1 hit, 0 errors, 0 left on base; Billings 5 - Kingsport 8 |
| TOP OF THE 8TH |
|
Billings Mustangs batting - Pitching for Kingsport Mets : LHP Mike Mathews
|
|
Batting: RHB Hector Maldonado
|
0-0: Ground out 6-3 (Groundball, 6, EV 85.6 MPH)
|
|
Batting: RHB Jay Jacobson
|
0-0: Foul Ball, location: 2F 0-1: Ground out 1-3 (Groundball, P, EV 72.5 MPH)
|
|
Batting: RHB Jon Monteith
|
0-0: Swinging Strike 0-1: Ball 1-1: Called Strike 1-2: Ball 2-2: Ball 3-2: Strikes out swinging
|
| Top of the 8th over - 0 runs, 0 hits, 0 errors, 0 left on base; Billings 5 - Kingsport 8 |
| BOTTOM OF THE 8TH |
|
Kingsport Mets batting - Pitching for Billings Mustangs : LHP Paul Fuller
|
|
Pitching: RHP Vladislav Prochazka
|
|
|
Batting: SHB Jason Evans
|
0-0: Called Strike 0-1: Ball 1-1: Swinging Strike 1-2: Ground out 6-3 (Groundball, 4MD, EV 83.8 MPH)
|
|
Batting: RHB Dan House
|
0-0: Foul Ball, location: 2F 0-1: Foul Ball, location: 2F 0-2: Ball 1-2: Ball 2-2: Fly out, F6 (Popup, 15, EV 68.8 MPH)
|
|
Batting: RHB Danny Runberg
|
0-0: Called Strike 0-1: Foul Ball, location: 2F 0-2: Ground out 4-3 (Groundball, 4, EV 92.5 MPH)
|
| Bottom of the 8th over - 0 runs, 0 hits, 0 errors, 0 left on base; Billings 5 - Kingsport 8 |
| TOP OF THE 9TH |
|
Billings Mustangs batting - Pitching for Kingsport Mets : LHP Mike Mathews
|
|
Pitching: RHP Marvin Merino
|
|
|
Batting: RHB Yutaka Sato
|
0-0: Foul Ball, location: 2F 0-1: SOLO HOME RUN (Flyball, 7LD, EV 94.4 MPH), Distance : 355 ft
|
|
Batting: RHB Jonathan Robies
|
0-0: Ball 1-0: Called Strike 1-1: Foul Ball, location: 2F 1-2: Ball 2-2: Foul Ball, location: 2F 2-2: Ground out 6-3 (Groundball, 6, EV 105.0 MPH)
|
|
Batting: RHB Cyd Carver
|
0-0: Ground out 4-3 (Groundball, 4, EV 80.6 MPH)
|
|
Batting: RHB Nick Miller
|
0-0: Swinging Strike 0-1: SINGLE (Groundball, 5S, EV 65.0 MPH) (infield hit)
|
|
Batting: LHB David Moore
|
0-0: Ball 1-0: Swinging Strike 1-1: Foul Ball, location: 2F 1-2: Ball 2-2: Ball 3-2: Foul Ball, location: 2F 3-2: Base on Balls Nick Miller to second
|
|
Pitching: RHP Thomas Clark
|
|
|
Batting: LHB Jon Goddard
|
0-0: Ball 1-0: Foul Ball, location: 2F 1-1: Ball 2-1: Foul Ball, location: 2F 2-2: Ball 3-2: Base on Balls Nick Miller to third David Moore to second
|
|
Batting: RHB Hector Maldonado
|
0-0: Called Strike 0-1: Foul Ball, location: 2F 0-2: Strikes out looking
|
| Top of the 9th over - 1 run, 2 hits, 0 errors, 3 left on base; Billings 6 - Kingsport 8 |
|